 Dungeon Crawl Stone Soup version 0.19-a0-1717-gc7c1317 (webtiles) character file.

36 Kokiki the Sneak (level 3, -1/21 HPs)
             Began as a High Elf Enchanter on Sept 29, 2016.
             Slain by a worm (7 damage)
             ... on level 2 of the Dungeon.
             The game lasted 00:03:54 (1566 turns).

Kokiki the Sneak (High Elf Enchanter)               Turns: 1566, Time: 00:03:54

Health: -1/21      AC:  4    Str:  7    XL:     3   Next: 19%
Magic:  7/7        EV: 13    Int: 18    God:
Gold:   130        SH:  0    Dex: 17    Spells: 2 memorised, 4 levels left

rFire  . . .     SeeInvis .     a - +1 dagger
rCold  . . .     Gourm    .     b - +1 robe
rNeg   . . .     Faith    .     (no shield)
rPois  .         Spirit   .     (no helmet)
rElec  .         Dismiss  .     (no cloak)
rCorr  .         Reflect  .     (no gloves)
MR     .....     Harm     .     (no boots)
Stlth  +++.......               (no amulet)
                                (no ring)
                                (no ring)

@: no status effects
A: no striking features
a: no special abilities


You were on level 2 of the Dungeon.
You were not hungry.

You visited 1 branch of the dungeon, and saw 2 of its levels.

You collected 130 gold pieces.

Inventory:

Hand Weapons
 a - a +1 dagger (weapon)
Armour
 b - a +1 robe (worn)
Scrolls
 e - a scroll of teleportation {unknown}
 f - 2 scrolls of fog
 j - a scroll of identify
 l - a scroll of enchant armour {unknown}
Potions
 i - 2 potions of invisibility {unknown}
Books
 c - a book of Maledictions

   Spells                             Type                      Level
   a - Corona                         Hexes                        1
   b - Ensorcelled Hibernation        Hexes/Ice                    2
   c - Confuse                        Hexes                        3
   d - Tukima's Dance                 Hexes                        3
   e - Dazzling Spray                 Conjuration/Hexes            3
Comestibles
 d - 5 bread rations
 g - a meat ration
 h - 2 fruits


   Skills:
 + Level 1.6 Short Blades
 + Level 0.2 Throwing
 + Level 2.4 Dodging
 * Level 4.4 Stealth
 + Level 2.5 Spellcasting
 + Level 3.1 Hexes
 + Level 0.2 Ice Magic


You had 4 spell levels left.
You knew the following spells:

 Your Spells              Type           Power        Failure   Level  Hunger
a - Corona                Hex            ##.....      6%          1    #......
b - Ensorcelled Hibernat  Hex/Ice        #.....       14%         2    ##.....


Dungeon Overview and Level Annotations

Branches:
Dungeon (2/15)

Altars:


Message History

The worm is severely wounded.
Throwing (i - inventory):
k - 3 tomahawks (quivered)
Press: ? - help, Shift-Dir - straight line, f/p - worm
Aim: a worm (severely wounded)
You throw a tomahawk. The tomahawk hits the worm.
The worm is severely wounded.
Throwing (i - inventory):
k - 2 tomahawks (quivered)
Press: ? - help, Shift-Dir - straight line, f/p - worm
Aim: a worm (heavily wounded)
You throw a tomahawk. The tomahawk hits the worm.
The worm is almost dead.
Throwing (i - inventory):
k - a tomahawk (quivered)
Press: ? - help, Shift-Dir - straight line, f/p - worm
Aim: a worm (almost dead)
You throw a tomahawk. The tomahawk hits the worm.
The worm is almost dead.
You hit the worm but do no damage.
The worm is almost dead.
The worm bites you!
You die...

#.###.#.#######
#.#.#.#........# #
...#.#........#
#.###.#.#........#
#..!....#........♣.
#((.(..............
#.####.(.........♣#♣#♣#
#..(.............#####
#...w@.......# #......
#####........###......
#.................
#.......>......†..
#....##..........#......
#....#####.......#......
#....# #.......#######
#....#####.......#######
#..............####.....


You could see a worm.

Vanquished Creatures
  A worm (D:2)
  2 leopard geckos (D:1)
  8 bats
  3 giant cockroaches (D:1)
  4 hobgoblins
  3 frilled lizards
  4 goblins
  2 kobolds (D:1)
  3 rats
30 creatures vanquished.

Notes
Turn   | Place    | Note
-------+----------+-------------------------------------------
     0 | D:1      | Kokiki the High Elf Enchanter began the quest for the Orb.
     0 | D:1      | Reached XP level 1. HP: 11/11 MP: 4/4
   462 | D:1      | Reached XP level 2. HP: 17/17 MP: 6/6
   466 | D:1      | Learned a level 2 spell: Ensorcelled Hibernation
   576 | D:1      | Reached skill level 4 in Stealth
  1225 | D:2      | Reached XP level 3. HP: 6/21 MP: 4/7
  1566 | D:2      | Slain by a worm

Vault maps used:
D:1:      minmay_arrival_plants_in_alcoves, minmay_misc_feat_diagonals,
          minmay_misc_feat_secret_circle
D:2:      serial_forest, infiniplex_forest_lined_2,
          infiniplex_forest_clump_large, infiniplex_forest_straight_1,
          infiniplex_forest_clump_long

Skill      XL: |  1  2 |
---------------+-------+-----
Stealth        | 4 |  4.4
Short Blades   | |  1.6
Throwing       | |  0.2
Dodging        | |  2.4
Spellcasting   | |  2.5
Hexes          | |  3.1
Ice Magic      | |  0.2

Action                   || total
-------------------------++-------
Melee: Dagger            ||   102
Throw: Tomahawk          ||    24
 Cast: Ensorcelled Hiber ||     6
  Use: Scroll            ||     2
 Stab: Sleeping          ||     9
  Eat: Chunk             ||     2
Armor: Robe              ||    17
Dodge: Dodged            ||    53
